[Event "Titled Tuesday Blitz May 23 Late 2023"]
[White "Hakobyan, Aram"]
[Black "Simonian, Hrair"]
[WhiteFideId "13306677"]
[BlackFideId "13302337"]
[WhiteElo "2584"]
[BlackElo "2447"]
[Result "1-0"]
[Round "08"]
[TimeControl "180+2"]
[Date "2023.05.23"]
[WhiteClock "0:00:02"]
[BlackClock "0:00:00"]

1. d4 Nf6 2. c4 b6 3. Nc3 Bb7 4. Qc2 d5 5. cxd5 Nxd5 6. Nf3 e6 7. e4 Nxc3 8. bxc3 c5 9. Bb5+ Bc6 10. Bd3 cxd4 11. cxd4 Bb4+ 12. Kf1 O-O 13. Bb2 Bb7 14. h4 Nd7 15. Rh3 Rc8 16. Qb3 Bd6 17. e5 Be7 18. Ng5 g6 19. Rg3 Bd5 20. Qd1 Bc4 21. Ne4 Bxh4 22. Rh3 Be7 23. Kg1 Bxd3 24. Qxd3 f5 25. exf6 Nxf6 26. Ng5 Nh5 27. Nxe6 Qd5 28. Re3 Rf7 29. Re5 Qc4 30. Qe3 Qa4 31. Rxh5 Rc2 32. Re5 Rxb2 33. Rf1 Qxa2 34. Nf4 Bd6 35. Re8+ Bf8 36. Ne6 Re2 37. Qh3 Rexf2 38. Re1 1-0


[Site "https://www.chess.com"]

[Event "Titled Tuesday Blitz May 23 Late 2023"]
[White "Rustemov, Alexander"]
[Black "Grischuk, Alexander"]
[WhiteFideId "4119002"]
[BlackFideId "4126025"]
[WhiteElo "2864"]
[BlackElo "2721"]
[Result "0-1"]
[Round "08"]
[TimeControl "180+2"]
[Date "2023.05.23"]
[WhiteClock "0:00:00"]
[BlackClock "0:00:03"]

1. d4 g6 2. c4 Bg7 3. Nf3 d6 4. g3 Nf6 5. Bg2 O-O 6. Nc3 Nbd7 7. O-O e5 8. e4 a6 9. Re1 exd4 10. Nxd4 Re8 11. h3 Rb8 12. a4 a5 13. Be3 Nc5 14. Qc2 c6 15. Rad1 Nfd7 16. f4 Ra8 17. Bf2 Qc7 18. Ndb5 cxb5 19. Nxb5 Qb8 20. Nxd6 Re7 21. e5 Ra6 22. Bd5 Rc6 23. Nxf7 Rxf7 24. e6 Nxe6 25. Rxe6 Rxe6 26. Bxe6 Qc7 27. Qd3 Nf8 28. Bxf7+ Qxf7 29. Kh2 Be6 30. b3 h5 31. Bd4 h4 32. Bxg7 hxg3+ 33. Kxg3 Kxg7 34. Qc3+ Kh7 35. Qxa5 Nd7 36. Qc7 Qg7 37. Rd3 Bf5 38. Re3 Qd4 39. Re7+ Kh6 40. Qxb7 Nf6 41. Qf3 Qg1+ 42. Qg2 Nh5+ 43. Kf3 Qd1+ 44. Qe2 Qxb3+ 45. Re3 Qb7+ 46. Kf2 Nxf4 47. Qf3 Qb2+ 48. Kf1 Qc1+ 49. Kf2 Qd2+ 50. Kf1 Qc1+ 51. Kf2 Qxc4 52. h4 Qxa4 53. Qg3 Qa2+ 54. Kf1 Qb1+ 55. Re1 Qb5+ 56. Kg1 Qc5+ 57. Kh2 Qc2+ 58. Kg1 Ne2+ 59. Rxe2 Qxe2 60. Qg5+ Kh7 61. Qf6 Qe6 62. Qd8 Bg4 63. Qc7+ Qd7 64. Qe5 Bh5 65. Qg5 Qg4+ 0-1


[Site "https://www.chess.com"]

[Event "Titled Tuesday Blitz May 23 Late 2023"]
[White "Williams, Simon K"]
[Black "Sarana, Alexey"]
[WhiteFideId "404454"]
[BlackFideId "24133795"]
[WhiteElo "2468"]
[BlackElo "2714"]
[Result "0-1"]
[Round "08"]
[TimeControl "180+2"]
[Date "2023.05.23"]
[WhiteClock "0:00:03"]
[BlackClock "0:00:48"]

1. d4 Nf6 2. c4 e6 3. Nf3 d5 4. Nc3 Nbd7 5. Bf4 Bb4 6. e3 c5 7. Qc2 O-O 8. Bd3 dxc4 9. Bxc4 a6 10. O-O b5 11. Be2 cxd4 12. exd4 Bb7 13. Rad1 Rc8 14. Ne5 Nd5 15. Bd2 Nxe5 16. dxe5 Qh4 17. Qe4 Qxe4 18. Nxe4 Rc2 19. a3 Bxd2 20. Rxd2 Rxd2 21. Nxd2 Rc8 22. Bd3 Nf4 23. Be4 Bxe4 24. Nxe4 Rc2 25. Rd1 h6 26. g3 Nd5 27. b4 Ra2 28. Rd3 Nb6 29. h4 Nc4 30. Rd8+ Kh7 31. Nc5 Nxe5 32. h5 Rxa3 33. Kg2 g5 34. f4 Ra2+ 35. Kf1 gxf4 36. gxf4 Nc4 37. Rd7 Kg8 38. Ke1 Ne3 39. Rd6 Nc2+ 40. Kd2 Nxb4+ 41. Kc3 Nd5+ 42. Kd4 Nxf4 43. Ke5 Nxh5 44. Nxa6 Re2+ 0-1


[Site "https://www.chess.com"]

[Event "Titled Tuesday Blitz May 23 Late 2023"]
[White "Rostovtsev, Dmitry"]
[Black "Svane, Rasmus"]
[WhiteFideId "34278320"]
[BlackFideId "4657101"]
[WhiteElo "2344"]
[BlackElo "2601"]
[Result "0-1"]
[Round "08"]
[TimeControl "180+2"]
[Date "2023.05.23"]
[WhiteClock "0:00:01"]
[BlackClock "0:00:08"]

1. e4 c6 2. d4 d5 3. e5 Bf5 4. Nc3 e6 5. g4 Bg6 6. Nge2 c5 7. h4 h5 8. Nf4 Bh7 9. Nxh5 Nc6 10. dxc5 Bxc5 11. Bg5 Qc7 12. f4 Kf8 13. Bd3 Qb6 14. Bxh7 Rxh7 15. Rh3 Rc8 16. Rb1 Be7 17. Bxe7+ Ncxe7 18. Kf1 Rc4 19. Ne2 Ng6 20. b3 Re4 21. Qd3 Nh6 22. Neg3 Nxf4 23. Qc3 Nxg4 24. Nxe4 Rxh5 25. Qc8+ Ke7 26. Rd1 Rxe5 27. Ng5 Qf2# 0-1


[Site "https://www.chess.com"]

[Event "Titled Tuesday Blitz May 23 Late 2023"]
[White "Tatarinov, Dmitry"]
[Black "Makarian, Rudik"]
[WhiteFideId "24160067"]
[BlackFideId "44105681"]
[WhiteElo "2326"]
[BlackElo "2461"]
[Result "1-0"]
[Round "08"]
[TimeControl "180+2"]
[Date "2023.05.23"]
[WhiteClock "0:00:15"]
[BlackClock "0:00:00"]

1. c4 Nf6 2. g3 e6 3. Bg2 d5 4. Nf3 Be7 5. O-O O-O 6. b3 c6 7. Bb2 a5 8. a3 b5 9. cxd5 cxd5 10. d3 Nc6 11. Nbd2 Bb7 12. Rc1 b4 13. a4 Rc8 14. Nd4 Nxd4 15. Bxd4 Qd7 16. Nf3 Rxc1 17. Qxc1 Rc8 18. Qb2 Qc7 19. Rb1 Ne8 20. Be5 Qd8 21. Rc1 Bf6 22. Bxf6 Nxf6 23. Rxc8 Qxc8 24. Kf1 Nd7 25. Ke1 Nc5 26. Kd2 h6 27. Qc2 Qf8 28. Ne5 f6 29. d4 Nxb3+ 30. Qxb3 fxe5 31. Qe3 e4 32. f3 Qf5 33. Ke1 Bc6 34. Qc1 Bxa4 35. Qa1 exf3 36. Bxf3 Qc2 37. Kf2 Kf7 38. Kg2 Ke7 39. Kh3 Kd6 40. Qe1 Bd7 41. g4 Qc3 42. Qg3+ Kc6 43. Qb8 Qxd4 44. Qa8+ Kd6 45. Qxa5 Ke7 46. Kg2 b3 47. Qa3+ Kf7 48. Qxb3 Qe5 49. Qb7 Ke7 50. h4 Qd6 51. Qa8 Kf7 52. g5 hxg5 53. hxg5 Qf4 54. Qd8 Qd6 55. Bh5+ g6 56. Qf6+ Kg8 57. Bxg6 Qf8 58. Bh7+ 1-0


[Site "https://www.chess.com"]

[Event "Titled Tuesday Blitz May 23 Late 2023"]
[White "Xiong, Jeffery"]
[Black "Iliaguev, Nisim"]
[WhiteFideId "2047640"]
[BlackFideId "2817276"]
[WhiteElo "2726"]
[BlackElo "2241"]
[Result "0-1"]
[Round "08"]
[TimeControl "180+2"]
[Date "2023.05.23"]
[WhiteClock "0:01:39"]
[BlackClock "0:01:23"]

1. e4 c6 2. Nf3 d5 3. d3 Bg4 4. h3 Bxf3 5. Qxf3 e6 6. g3 Nf6 7. Bg2 Nbd7 8. O-O Bc5 9. Qe2 dxe4 10. dxe4 Qc7 11. c3 Qxg3 12. b4 Bb6 13. a4 Ne5 14. Kh1 Qh4 15. a5 Bc7 16. a6 b6 17. f4 Nh5 18. Kg1 Ng3 19. Qe3 Nxf1 20. Kxf1 Ng6 21. e5 O-O 22. Bxc6 Rad8 23. Bd2 Bxe5 0-1


[Site "https://www.chess.com"]

[Event "Titled Tuesday Blitz May 23 Late 2023"]
[White "Hamitevici, Vladimir"]
[Black "Andreikin, Dmitry"]
[WhiteFideId "13902393"]
[BlackFideId "4158814"]
[WhiteElo "2401"]
[BlackElo "2736"]
[Result "0-1"]
[Round "08"]
[TimeControl "180+2"]
[Date "2023.05.23"]
[WhiteClock "0:00:15"]
[BlackClock "0:01:30"]

1. e4 c5 2. c3 e5 3. Nf3 Nc6 4. Bc4 Qc7 5. O-O Be7 6. d3 Nf6 7. Re1 O-O 8. Bg5 d6 9. Nbd2 Be6 10. a4 Nd7 11. Bd5 Bxg5 12. Nxg5 Bxd5 13. exd5 Ne7 14. Qb3 h6 15. Ngf3 Rac8 16. Nc4 Ng6 17. h4 f5 18. g3 f4 19. g4 Nf6 20. h5 Qd7 21. Nh2 Nh4 22. f3 Nxf3+ 23. Nxf3 Qxg4+ 24. Kf2 Qg3+ 25. Ke2 Qg2+ 26. Kd1 Qxf3+ 27. Kd2 Qxd5 28. a5 e4 29. Qc2 e3+ 30. Kc1 Nxh5 31. Kb1 Ng3 32. Ka2 e2 33. Qb3 f3 34. Nd2 0-1


[Site "https://www.chess.com"]

[Event "Titled Tuesday Blitz May 23 Late 2023"]
[White "Bortnyk, Mykola"]
[Black "benny_aizenberg"]
[WhiteFideId "14120836"]
[WhiteElo "2582"]
[BlackElo "2705"]
[Result "1-0"]
[Round "08"]
[TimeControl "180+2"]
[Date "2023.05.23"]
[WhiteClock "0:01:12"]
[BlackClock "0:00:19"]

1. e4 c5 2. c3 Nf6 3. e5 Nd5 4. Na3 d6 5. Nf3 Nc6 6. exd6 e6 7. Nc4 b5 8. Nce5 Nxe5 9. Nxe5 a6 10. Qf3 Qf6 11. d7+ Bxd7 12. Qxf6 gxf6 13. Nxd7 Kxd7 14. a4 b4 15. a5 Bh6 16. Bc4 Rhg8 17. g3 Ne7 18. f4 Nc6 19. d3 Bf8 20. Kf2 Bd6 21. Be3 Rgb8 22. Rhd1 bxc3 23. bxc3 Rb2+ 24. Kg1 Re2 25. Bd2 h5 26. d4 Re4 27. Bd3 f5 28. Bxe4 fxe4 29. dxc5 Be7 30. Be3+ Kc7 31. f5 exf5 32. Rd5 Bf6 33. Bf4+ Kc8 34. Rd6 Bxc3 35. Rxc6+ Kd7 36. Rd6+ Ke7 37. Rb1 Bxa5 38. Rb7+ Kf8 39. Rf6 Bc3 40. Rfxf7+ Kg8 41. Rxf5 a5 42. Be5 Bxe5 43. Rxe5 a4 44. Rg5+ Kf8 45. Rxh5 Kg8 46. Rhh7 a3 47. Rbg7+ Kf8 48. Rh8+ Kxg7 49. Rxa8 e3 50. Rxa3 1-0


[Site "https://www.chess.com"]

[Event "Titled Tuesday Blitz May 23 Late 2023"]
[White "Gritsenko, Nikolai"]
[Black "Ibarra Jerez, Jose Carlos"]
[WhiteFideId "14112493"]
[BlackFideId "2226332"]
[WhiteElo "2389"]
[BlackElo "2638"]
[Result "0-1"]
[Round "08"]
[TimeControl "180+2"]
[Date "2023.05.23"]
[WhiteClock "0:00:23"]
[BlackClock "0:00:22"]

1. d4 Nf6 2. Bg5 d5 3. Nd2 c5 4. e3 Nc6 5. c3 e5 6. dxe5 Nxe5 7. Ngf3 Nc6 8. Bd3 Be7 9. O-O O-O 10. Qc2 h6 11. Bh4 c4 12. Bf5 Nd7 13. Bxe7 Nxe7 14. Bxd7 Bxd7 15. Nd4 Ng6 16. N2f3 Re8 17. Rfd1 Qf6 18. Rd2 Rad8 19. Rad1 Re7 20. h3 Rde8 21. b3 Rc8 22. Qb2 b6 23. Qa3 Rc7 24. bxc4 dxc4 25. Qb4 Rc5 26. a4 Re8 27. Nb5 Bxh3 28. Rd6 Qf5 29. R1d4 a5 30. Qb2 Qh5 31. Nc7 Rxc7 32. Qxb6 Rce7 33. R6d5 Bf5 34. Qc5 Rb7 35. Rd1 Ne7 36. e4 Nxd5 37. Qxd5 Rd7 0-1


[Site "https://www.chess.com"]

[Event "Titled Tuesday Blitz May 23 Late 2023"]
[White "Terry, Renato"]
[Black "Matinian, Nikita"]
[WhiteFideId "3803457"]
[BlackFideId "24129100"]
[WhiteElo "2575"]
[BlackElo "2422"]
[Result "1-0"]
[Round "08"]
[TimeControl "180+2"]
[Date "2023.05.23"]
[WhiteClock "0:00:03"]
[BlackClock "0:00:00"]

1. e4 g6 2. d4 d6 3. Bc4 Bg7 4. Qf3 e6 5. Ne2 Ne7 6. Nbc3 Nbc6 7. Be3 Nb4 8. Bb3 d5 9. h4 h5 10. Bg5 O-O 11. e5 c5 12. dxc5 Nbc6 13. O-O-O Nxe5 14. Qf4 a5 15. f3 a4 16. Nxa4 Bd7 17. Nb6 Ra5 18. Qe3 f6 19. Bf4 Nf5 20. Qc3 Rb5 21. a4 Rxb6 22. cxb6 Qxb6 23. a5 Qd6 24. Kb1 Rc8 25. Qd2 Qc5 26. Nd4 Nc4 27. Bxc4 Qxc4 28. Nxf5 gxf5 29. Bh6 Bxh6 30. Qxh6 Qxc2+ 31. Ka1 Qa4+ 32. Kb1 Qc2+ 33. Ka1 Rc4 34. Qg6+ Kf8 35. Qxf6+ Ke8 36. Qh8+ Ke7 37. Qg7+ Kd6 38. Qf8+ Kc7 39. b3 Qxb3 40. Rc1 Qa4+ 41. Kb1 Qb3+ 42. Ka1 Qa4+ 43. Kb2 Qb5+ 44. Ka2 Qxa5+ 45. Qa3 Qb5 46. Qb2 Qa5+ 47. Kb1 b5 48. Rc2 Qb6 49. Rhc1 Qc6 50. Qe5+ Qd6 51. Qb2 Bc6 52. Rc3 Kb6 53. Qc2 Qc5 54. Qb2 Rxc3 55. Rxc3 Qg1+ 56. Rc1 1-0


[Site "https://www.chess.com"]

[Event "Titled Tuesday Blitz May 23 Late 2023"]
[White "Zhigalko, Sergei"]
[Black "Horvath, Dominik"]
[WhiteFideId "13502956"]
[BlackFideId "1642561"]
[WhiteElo "2626"]
[BlackElo "2407"]
[Result "1-0"]
[Round "08"]
[TimeControl "180+2"]
[Date "2023.05.23"]
[WhiteClock "0:00:22"]
[BlackClock "0:00:35"]

1. e4 c5 2. Nf3 Nc6 3. c3 Nf6 4. e5 Nd5 5. Bc4 Nb6 6. Bb3 d5 7. exd6 Qxd6 8. O-O c4 9. Bc2 Bg4 10. Re1 O-O-O 11. b3 Qf6 12. Na3 Nd5 13. Bb2 Nf4 14. Nxc4 b5 15. Ne3 Bh5 16. d4 e5 17. Be4 exd4 18. cxd4 Kb8 19. Rc1 Nb4 20. a3 Bxf3 21. Qxf3 Nbd3 22. Ng4 Nxe1 23. Rxe1 Qg5 24. h4 1-0


[Site "https://www.chess.com"]

[Event "Titled Tuesday Blitz May 23 Late 2023"]
[White "Dardha, Daniel"]
[Black "Domingo Nunez, Ruben"]
[WhiteFideId "240990"]
[BlackFideId "22245570"]
[WhiteElo "2581"]
[BlackElo "2404"]
[Result "1-0"]
[Round "08"]
[TimeControl "180+2"]
[Date "2023.05.23"]
[WhiteClock "0:01:37"]
[BlackClock "0:00:10"]

1. e4 g6 2. Qg4 Nf6 3. Qh4 d6 4. Nc3 c5 5. Bc4 Nc6 6. d3 a6 7. a4 Nd4 8. Bb3 Nxb3 9. cxb3 Be6 10. f4 Bxb3 11. Nf3 Bg7 12. f5 gxf5 13. exf5 Nd5 14. Ra3 Nxc3 15. Rxb3 Nd5 16. Rxb7 Rb8 17. Rxb8 Qxb8 18. O-O Qb3 19. Qg4 Bf6 20. Qe4 Kd7 21. Nd2 Qb7 22. Nc4 Rg8 23. Ne3 e6 24. fxe6+ fxe6 25. Rxf6 Qb3 26. Qxe6+ 1-0


[Site "https://www.chess.com"]

[Event "Titled Tuesday Blitz May 23 Late 2023"]
[White "Prohaszka, Peter"]
[Black "Baskakov, Egor"]
[WhiteFideId "726265"]
[BlackFideId "24197866"]
[WhiteElo "2626"]
[BlackElo "2225"]
[Result "1-0"]
[Round "08"]
[TimeControl "180+2"]
[Date "2023.05.23"]
[WhiteClock "0:00:09"]
[BlackClock "0:00:03"]

1. d4 Nf6 2. Nf3 e6 3. Bf4 d5 4. e3 Be7 5. h3 O-O 6. Bd3 Ne4 7. Nbd2 f5 8. Ne5 Nd7 9. O-O Nxe5 10. Bxe5 Bd7 11. Nf3 c5 12. c3 Qe8 13. Bh2 Bb5 14. Ne5 Bxd3 15. Qxd3 c4 16. Qe2 Nf6 17. b3 b5 18. a4 a6 19. axb5 axb5 20. f3 Qc8 21. Qb2 Rxa1 22. Rxa1 Nd7 23. Ra7 Nxe5 24. Bxe5 Bf6 25. Bxf6 Rxf6 26. Qa3 b4 27. Qxb4 Rf7 28. Rxf7 Kxf7 29. bxc4 dxc4 30. Qd6 Qb7 31. Kh2 Qb3 32. d5 exd5 33. Qxd5+ Kf6 34. Qd6+ Kf7 35. Qd7+ Kf6 36. Qd4+ Kf7 37. Kg3 Qb8+ 38. Qf4 Qb3 39. Qxf5+ Ke7 40. Qe5+ Kf7 41. Qd5+ Ke7 42. Qe5+ Kf7 43. h4 Qa2 44. h5 Qe2 45. Kh3 Qf1 46. e4 Qh1+ 47. Qh2 Qf1 48. Qc7+ Kg8 49. Qd8+ Kf7 50. Qd7+ Kf8 51. Qd6+ Kf7 52. Qd5+ Kf8 53. Qc5+ Kf7 54. e5 Qh1+ 55. Kg3 Qe1+ 56. Kf4 Qh4+ 57. Ke3 Qe1+ 58. Kd4 Qd2+ 59. Kxc4 Qxg2 60. Qd5+ Ke7 61. Qd6+ Ke8 62. e6 Qf1+ 63. Kc5 Qf2+ 64. Qd4 Qxf3 65. Qd7+ Kf8 66. e7+ 1-0


[Site "https://www.chess.com"]

[Event "Titled Tuesday Blitz May 23 Late 2023"]
[White "Sychev, Klementy"]
[Black "Alex_Sahakyan2006"]
[WhiteFideId "4114060"]
[WhiteElo "2583"]
[BlackElo "2686"]
[Result "1-0"]
[Round "08"]
[TimeControl "180+2"]
[Date "2023.05.23"]
[WhiteClock "0:00:03"]
[BlackClock "0:00:00"]

1. e4 c5 2. Nf3 d6 3. d4 cxd4 4. Nxd4 Nf6 5. Nc3 Nc6 6. Nd5 Nxd5 7. exd5 Qa5+ 8. Bd2 Qxd5 9. Nb5 Qe6+ 10. Be2 Qd7 11. c4 a6 12. Nc3 e6 13. O-O Be7 14. f4 O-O 15. f5 Bf6 16. fxe6 fxe6 17. Ne4 Bd4+ 18. Kh1 Rxf1+ 19. Qxf1 d5 20. Ng5 h6 21. Nxe6 Qxe6 22. cxd5 Qd6 23. dxc6 bxc6 24. Bf4 Qf6 25. Bc4+ Be6 26. Re1 Bxc4 27. Qxc4+ Kh8 28. Bg3 Bxb2 29. Re6 Qf5 30. h3 Rf8 31. Rxc6 a5 32. Rc5 Qf1+ 33. Kh2 Qxc4 34. Rxc4 Rf1 35. Bc7 Rf5 36. g4 Rd5 37. Kg3 Ba3 38. Kf4 Bb4 39. h4 Kg8 40. Be5 Rd7 41. h5 Kf7 42. Kf5 Rd5 43. Rc7+ Be7 44. Ke4 Rd1 45. Ra7 Re1+ 46. Kf5 Rf1+ 47. Ke4 Re1+ 48. Kd5 Rd1+ 49. Kc6 Ke6 50. Bxg7 Rc1+ 51. Kb5 Rg1 52. Bxh6 Rxg4 53. Bd2 Rd4 54. Bxa5 Rd5+ 55. Kc6 Rxh5 56. Bb6 Bd6 57. a4 Rh1 58. a5 Rc1+ 59. Kb5 Kd5 60. Rh7 Rb1+ 61. Ka6 Kc6 62. Rh6 Rc1 63. Be3 Rc4 64. Bf2 Rc3 65. Be1 Rc4 66. Bg3 Rd4 67. Rxd6+ Rxd6 68. Bxd6 Kxd6 69. Kb7 1-0


[Site "https://www.chess.com"]

[Event "Titled Tuesday Blitz May 23 Late 2023"]
[White "Vlassov, Nikolai"]
[Black "Remizov, Yaroslav"]
[WhiteFideId "4103360"]
[BlackFideId "34134015"]
[WhiteElo "2324"]
[BlackElo "2400"]
[Result "0-1"]
[Round "08"]
[TimeControl "180+2"]
[Date "2023.05.23"]
[WhiteClock "0:00:05"]
[BlackClock "0:00:07"]

1. e4 c5 2. c3 d5 3. exd5 Qxd5 4. d4 Nf6 5. Nf3 Nc6 6. Be3 Ng4 7. Nbd2 Nxe3 8. fxe3 Bd7 9. e4 Qh5 10. d5 Ne5 11. Nxe5 Qxe5 12. Bd3 O-O-O 13. O-O f6 14. Nc4 Qc7 15. b4 e6 16. Ne3 Kb8 17. Qf3 cxb4 18. cxb4 Bxb4 19. Kh1 Bc5 20. Rfc1 Qe5 21. Rab1 Qd4 22. Nc2 Qa4 23. e5 fxe5 24. dxe6 Bc6 25. Qf5 Ka8 26. Qxe5 Bxg2+ 27. Kxg2 Qg4+ 28. Qg3 Qxg3+ 29. hxg3 Rxd3 30. Ne1 Rd2+ 31. Kh3 b6 32. Nf3 Rxa2 33. Re1 Re8 34. Re4 Kb7 35. Rd1 Ra3 36. Kg2 Re7 37. Ng5 Kc7 38. Nxh7 Bd6 39. Nf8 Rxg3+ 40. Kf2 Rc3 41. Red4 Bc5 42. Ke2 Bxd4 43. Rxd4 Rc6 44. Kd2 Rd6 45. Ke3 Rxd4 46. Kxd4 Kd6 47. Ng6 Rxe6 48. Nh4 Rh6 49. Nf5+ Kc6 50. Nxg7 Rh4+ 51. Kc3 Rh3+ 52. Kc4 a5 53. Ne6 b5+ 54. Kd4 b4 55. Kc4 Rc3+ 56. Kd4 Kb5 57. Nf4 Rc4+ 58. Ke3 Rxf4 0-1


[Site "https://www.chess.com"]

[Event "Titled Tuesday Blitz May 23 Late 2023"]
[White "Goltsev, Dmitry"]
[Black "Krzyzanowski, Marcin"]
[WhiteFideId "24176710"]
[BlackFideId "1132199"]
[WhiteElo "2356"]
[BlackElo "2471"]
[Result "0-1"]
[Round "08"]
[TimeControl "180+2"]
[Date "2023.05.23"]
[WhiteClock "0:00:00"]
[BlackClock "0:00:04"]

1. e4 c5 2. Nf3 Nc6 3. d4 cxd4 4. Nxd4 e5 5. Nf5 d5 6. Qxd5 Qxd5 7. exd5 Bxf5 8. dxc6 bxc6 9. Bd3 Bxd3 10. cxd3 Nf6 11. Nc3 Bb4 12. Ke2 Rd8 13. Bg5 Bxc3 14. bxc3 Kd7 15. Bxf6 gxf6 16. Rab1 Rb8 17. Kd2 Rb6 18. Kc2 Rg8 19. g3 f5 20. Rb3 f4 21. Rhb1 Kc7 22. Re1 fxg3 23. hxg3 Rg5 24. f4 exf4 25. gxf4 Rg2+ 26. Kb1 Kd6 27. Rh1 Rg7 28. Rh6+ Kd7 29. Rf6 h5 30. Rf5 Rh7 31. Kc2 h4 32. Ra3 a6 33. Rg5 h3 34. Rg1 h2 35. Rh1 c5 36. Rb3 Rg6 37. Rbb1 Rg2+ 38. Kb3 Kc6 39. Rbf1 f5 40. a4 Rb7+ 41. Kc4 Ra2 42. Ra1 Rxa1 43. Rxa1 Rg7 44. Rh1 Rg2 45. d4 cxd4 46. Kxd4 Kd6 47. c4 Rd2+ 48. Ke3 Ra2 49. Kd4 a5 50. Rd1 Kc6 51. Rh1 Re2 52. Kd3 Rf2 53. Ke3 Ra2 54. Kd4 Rc2 55. Kd3 Rg2 56. Kd4 Kd6 57. Ke3 Kc5 58. Kd3 Ra2 59. Kc3 Rf2 60. Kd3 Kb4 61. Kd4 Rxf4+ 62. Ke5 Rf2 63. Kd5 Rd2+ 64. Ke5 Kxc4 65. Kxf5 Kb3 66. Ke4 Kxa4 67. Ke3 Rb2 68. Kd3 Kb3 69. Rf1 a4 70. Rc1 a3 71. Kd4 Rc2 72. Rb1+ Ka4 73. Rf1 a2 74. Kd3 Kb3 75. Rf8 Rc3+ 76. Kd2 h1=Q 77. Rb8+ Kc4 78. Rc8+ Kb4 79. Rb8+ Kc5 80. Rc8+ Kd6 81. Rxc3 a1=Q 82. Rd3+ Ke5 83. Re3+ Qe4 0-1


[Site "https://www.chess.com"]

[Event "Titled Tuesday Blitz May 23 Late 2023"]
[White "Mahdavi, Reza"]
[Black "Rosen, Eric"]
[WhiteFideId "12595926"]
[BlackFideId "2032562"]
[WhiteElo "2352"]
[BlackElo "2331"]
[Result "0-1"]
[Round "08"]
[TimeControl "180+2"]
[Date "2023.05.23"]
[WhiteClock "0:00:10"]
[BlackClock "0:00:12"]

1. e4 c5 2. Nf3 Nc6 3. Bb5 e6 4. Bxc6 bxc6 5. O-O Ne7 6. e5 Ng6 7. b3 f6 8. Bb2 Be7 9. Qe2 O-O 10. Na3 a5 11. Nc4 a4 12. Rfe1 Ba6 13. d3 f5 14. Nd6 Qb8 15. Qe3 Bxd6 16. exd6 Qxd6 17. Ba3 Qf4 18. Bxc5 Qxe3 19. fxe3 Rfd8 20. Bd6 Nh8 21. Ne5 Nf7 22. Nxf7 Kxf7 23. e4 g6 24. bxa4 c5 25. e5 c4 26. d4 Bb7 27. a5 Rdc8 28. Rab1 Bc6 29. Bb4 Be4 30. Bc3 Bxc2 31. Rb7 Ke8 32. Rb6 Be4 33. g4 Kf7 34. gxf5 gxf5 35. Kf2 Rg8 36. Rg1 Rxg1 37. Kxg1 Rg8+ 38. Kf1 Rg2 39. Rb2 Rxb2 40. Bxb2 f4 41. Bc1 f3 42. Kf2 Kg6 43. Ke3 Bd5 44. Bd2 Kf5 45. Be1 Kg4 46. h4 Kh3 47. h5 Kg2 48. h6 c3 49. Bh4 c2 50. Kd2 Be4 51. a6 f2 52. Bxf2 Kxf2 53. a7 Kf3 54. a4 Kf4 55. a5 Kg5 56. a6 Kxh6 0-1


[Site "https://www.chess.com"]

[Event "Titled Tuesday Blitz May 23 Late 2023"]
[White "Mirimanian, Hayk"]
[Black "Makridis, Dimitrios"]
[WhiteFideId "4700180"]
[BlackFideId "25864475"]
[WhiteElo "2280"]
[BlackElo "2277"]
[Result "1-0"]
[Round "08"]
[TimeControl "180+2"]
[Date "2023.05.23"]
[WhiteClock "0:00:33"]
[BlackClock "0:00:15"]

1. e4 c5 2. Nf3 Nc6 3. Bb5 e6 4. Bxc6 bxc6 5. Qe2 Ne7 6. e5 Ng6 7. h4 h5 8. d3 f6 9. Qe4 Kf7 10. Na3 Nxe5 11. Nxe5+ fxe5 12. Qxe5 Qf6 13. Qe2 d5 14. c3 Bd6 15. Rh3 Kg8 16. Bg5 Qg6 17. O-O-O e5 18. Re3 Bf5 19. f3 c4 20. dxc4 Bxa3 21. cxd5 Rb8 22. Rd2 Kh7 23. g4 Bd7 24. gxh5 Qf7 25. Rxe5 Bd6 26. Qd3+ Kg8 27. dxc6 Qxa2 28. Qd5+ Qxd5 29. Rexd5 Bxc6 30. Rxd6 Bxf3 31. Rd8+ Rxd8 32. Rxd8+ Kh7 33. Rxh8+ Kxh8 34. h6 gxh6 35. Bxh6 a6 36. Kd2 Kg8 37. Bg5 Kf7 38. Ke3 Bh5 39. Kd4 Ke6 40. Kc5 Kd7 41. c4 Kc7 42. b4 Kb7 43. b5 axb5 44. cxb5 Kc8 45. Kc6 Kb8 46. Bf4+ Kc8 47. Kb6 Bf3 48. Ka7 Kd7 49. b6 Ke6 50. b7 Bxb7 51. Kxb7 Kf5 52. Bg5 Kg6 53. Kc6 Kh5 54. Kd5 Kg4 55. Ke4 Kh5 56. Kf3 Kg6 57. Kg4 Kh7 58. h5 Kg8 59. Kf5 Kh8 60. Kg6 Kg8 61. h6 Kh8 62. Bf6+ Kg8 63. h7+ Kf8 64. h8=Q# 1-0


[Site "https://www.chess.com"]

[Event "Titled Tuesday Blitz May 23 Late 2023"]
[White "Sethuraman, S.P."]
[Black "Chor, Kevin"]
[WhiteFideId "5021596"]
[BlackFideId "2090740"]
[WhiteElo "2543"]
[BlackElo "2647"]
[Result "1-0"]
[Round "08"]
[TimeControl "180+2"]
[Date "2023.05.23"]
[WhiteClock "0:00:10"]
[BlackClock "0:00:02"]

1. b3 g6 2. Bb2 Nf6 3. Nf3 Bg7 4. g3 O-O 5. Bg2 c5 6. c4 Nc6 7. d4 d6 8. d5 Na5 9. O-O b5 10. cxb5 a6 11. bxa6 Bxa6 12. Nfd2 Qb6 13. Nc3 Rfb8 14. Rb1 Qc7 15. Ba1 Nd7 16. Qc2 Ne5 17. Rfe1 Rb4 18. a3 Rb7 19. b4 Nac4 20. Nxc4 Nxc4 21. Qc1 cxb4 22. axb4 Rab8 23. b5 Bxb5 24. Nxb5 Rxb5 25. Rxb5 Rxb5 26. Bxg7 Kxg7 27. Qc3+ f6 28. h4 Qa5 29. Qxa5 Rxa5 30. Rc1 Rc5 31. Rb1 f5 32. Rb7 Kf6 33. Rb8 h6 34. Rh8 Kg7 35. Re8 Kf6 36. Rh8 Kg7 37. Rd8 Nb6 38. Re8 Kf6 39. e4 fxe4 40. Bxe4 Nxd5 41. Rg8 g5 42. h5 Kf7 43. Bxd5+ Rxd5 44. Rg6 g4 45. Rxh6 Rf5 46. Rh7+ Ke6 47. h6 Rh5 48. Kf1 d5 49. Ke2 Kf6 50. Rh8 e5 51. h7 Kg7 52. Rd8 d4 53. Rd7+ Kf6 54. Kd3 Kf5 55. Rf7+ Ke6 56. Ra7 Kd5 57. Ra5+ Ke6 58. Ke4 Rxh7 59. Rxe5+ Kf6 60. Rf5+ Kg6 61. Rf4 Rd7 62. Rxg4+ Kh5 63. Rh4+ Kg5 64. f4+ Kg6 65. Kd3 Kf5 66. Rh5+ Kg4 67. Rg5+ Kf3 68. f5 Kf2 69. f6 Rf7 70. Rg6 Kf3 71. Kxd4 Rd7+ 72. Ke5 Rb7 73. Rg7 Rb5+ 74. Ke6 Ke4 75. f7 Rb6+ 76. Kd7 Rb7+ 77. Kc8 Ra7 78. Kb8 1-0


[Site "https://www.chess.com"]

[Event "Titled Tuesday Blitz May 23 Late 2023"]
[White "Schnaider, Ilan"]
[Black "Schmakel, Sam"]
[WhiteFideId "169013"]
[BlackFideId "2039311"]
[WhiteElo "2224"]
[BlackElo "2356"]
[Result "0-1"]
[Round "08"]
[TimeControl "180+2"]
[Date "2023.05.23"]
[WhiteClock "0:00:01"]
[BlackClock "0:00:43"]

1. e4 g6 2. d4 Bg7 3. Nc3 d6 4. Nf3 a6 5. a4 Nc6 6. Be2 Bg4 7. Be3 e5 8. d5 Nce7 9. Qd2 Bd7 10. O-O f5 11. exf5 gxf5 12. Bg5 h6 13. Bh4 Nf6 14. a5 Ng6 15. Bxf6 Qxf6 16. Rfe1 e4 17. Qe3 O-O 18. Nd2 Rae8 19. f4 exf3 20. Qxf3 Qd4+ 21. Kh1 Qxd2 22. Rad1 Qxc2 23. Qg3 f4 24. Qf3 Qxb2 25. Ne4 Nh4 26. Qd3 Bb5 27. Qh3 Bxe2 28. Rb1 Qc2 29. Nxd6 cxd6 30. Qxh4 f3 31. Rxb7 fxg2+ 32. Kxg2 Bf3+ 0-1


[Site "https://www.chess.com"]